Workbook

Sheet Instructions
A1: Net Worth Tracker
A2: 1 | B2: Income Section (Columns A & B): In Column A, list each source of your monthly income (e.g., Salary, Freelance Work, Rental Income). In Column B, enter the corresponding monthly amount for each income source. Example: Salary: £3000 Freelance Work: £500
A4: 2 | B4: Debt Section (Columns D & E): In Column D, list each type of debt or loan you pay monthly (e.g., Mortgage, Credit Card, Car Loan). In Column E, enter the monthly payment amount for each debt. Example: Mortgage: £1000 Credit Card: £200
A6: 3 | B6: Automatic Calculations: Once you have entered all your income and debts, the Results page will automatically calculate your: Total Monthly Income Total Monthly Debt Debt-to-Income Ratio
A8: 4 | B8: Results: The summary of your total income, debt, and debt-to-income ratio will be shown on the "Results" page. You can view it to understand your current financial situation.

Sheet Input
A1: Category | B1: January | C1: February | D1: March | E1: April | F1: May | G1: June | H1: July | I1: August | J1: September | K1: October | L1: November | M1: December
A2: Bank Account(s)
A3: Investments
A4: Property
A5: Insert Other Assets
A6: Insert Other Assets
A8: Total Assets | B8: =sum(B2:B7) -> 0 | C8: =sum(C2:C7) -> 0 | D8: =sum(D2:D7) -> 0 | E8: =sum(E2:E7) -> 0 | F8: =sum(F2:F7) -> 0 | G8: =sum(G2:G7) -> 0 | H8: =sum(H2:H7) -> 0 | I8: =sum(I2:I7) -> 0 | ... M8: =sum(M2:M7) -> 0
A10: Mortgage
A11: Car Loan
A12: Credit Cards
A13: Student Loan
A14: Personal Loan
A15: Insert Other Liabilities
A17: Total Liabilities | B17: =sum(B10:B16) -> 0 | C17: =sum(C10:C16) -> 0 | D17: =sum(D10:D16) -> 0 | E17: =sum(E10:E16) -> 0 | F17: =sum(F10:F16) -> 0 | G17: =sum(G10:G16) -> 0 | H17: =sum(H10:H16) -> 0 | I17: =sum(I10:I16) -> 0 | ... M17: =sum(M10:M16) -> 0
A19: Net Worth | B19: =B8-B17 -> 0 | C19: =C8-C17 -> 0 | D19: =D8-D17 -> 0 | E19: =E8-E17 -> 0 | F19: =F8-F17 -> 0 | G19: =G8-G17 -> 0 | H19: =H8-H17 -> 0 | I19: =I8-I17 -> 0 | ... M19: =M8-M17 -> 0

Sheet Summary
A1: Month | B1: Net Worth | C1: Total Assets | D1: Total Liabilities
A2: January | B2: =Input!B19 -> 0 | C2: =Input!B8 -> 0 | D2: =Input!B17 -> 0
A3: February | B3: =Input!C19 -> 0 | C3: =Input!C8 -> 0 | D3: =Input!C17 -> 0
A4: March | B4: =Input!D19 -> 0 | C4: =Input!D8 -> 0 | D4: =Input!D17 -> 0
A5: April | B5: =Input!E19 -> 0 | C5: =Input!E8 -> 0 | D5: =Input!D17 -> 0
A6: May | B6: =Input!F19 -> 0 | C6: =Input!F8 -> 0 | D6: =Input!F17 -> 0
A7: June | B7: =Input!G19 -> 0 | C7: =Input!G8 -> 0 | D7: =Input!G17 -> 0
A8: July | B8: =Input!H19 -> 0 | C8: =Input!H8 -> 0 | D8: =Input!H17 -> 0
A9: August | B9: =Input!I19 -> 0 | C9: =Input!I8 -> 0 | D9: =Input!I17 -> 0
A10: September | B10: =Input!J19 -> 0 | C10: =Input!J8 -> 0 | D10: =Input!J17 -> 0
A11: October | B11: =Input!K19 -> 0 | C11: =Input!K8 -> 0 | D11: =Input!K17 -> 0
A12: November | B12: =Input!L19 -> 0 | C12: =Input!L8 -> 0 | D12: =Input!L17 -> 0
A13: December | B13: =Input!M19 -> 0 | C13: =Input!M8 -> 0 | D13: =Input!M17 -> 0
